 Dungeon Crawl Stone Soup version 0.31-a0-795-g5eb97db20b (webtiles) character file.

Game seed: 9378736763259413613

10188 Sheldon the Martial Artist (level 11, -2/129 HPs)
             Began as a Yellow Draconian Monk on Sept 15, 2023.
             Was an Initiate of Yredelemnul.
             Slain by an orc warrior
             ... wielding a +0 trident of distortion
              (11 damage)
             ... on level 2 of the Orcish Mines on Sept 18, 2023.
             The game lasted 03:15:08 (9705 turns).

Sheldon the Martial Artist (Yellow Draconian Monk)  Turns: 9705, Time: 03:15:08

Health: -2/129     AC: 29    Str: 20    XL:     11   Next: 32%
Magic:  0/11       EV:  2    Int: 14    God:    Yredelemnul [......]
Gold:   783        SH:  0    Dex: 14    Spells: 7/11 levels left

rFire   + .          .
                       - Unarmed
rCold   + . .        b - orb {light}
rNeg    . . .        (body armour unavailable)
rPois   +            (helmet currently unavailable)
rElec   +            q - melded +1 cloak
rCorr   +            (gloves currently unavailable)
SInv    .            V - melded +0 pair of boots
Will    .....        u - amulet of guardian spirit
Stlth   +            e - +6 ring of strength
HPRegen 0.41/turn    k - +4 ring of protection
MPRegen 0.12/turn

%: guardian spirit
@: brilliant, short of breath, tree-form, resistant, glowing
A: stationary, stasis, torment immunity, boosted hp, (spit acid), AC +7,
unfitting armour, (cold-blooded), (acid resistance)
a: Renounce Religion, Recall Undead Harvest


You were on level 2 of the Orcish Mines.
You worshipped Yredelemnul.
Yredelemnul was noncommittal.
You were a tree.
You visited 3 branches of the dungeon, and saw 12 of its levels.

You collected 783 gold pieces.

Inventory:

Hand Weapons
 o - a +2 quarterstaff of chaos
 F - a +3 short sword
 T - a +2 vampiric spear
 W - a +3 falchion
Missiles
 a - a curare-tipped dart
 d - 111 stones
 U - 6 poisoned darts
 X - 2 javelins
 Z - 5 boomerangs (quivered)
Armour
 b - an orb of light (worn)
 q - a +1 cloak (melded)
 r - the +8 chain mail "Kasirchost" {rElec rF+}
   (You found it on level 8 of the Dungeon)

   rF+:       It protects you from fire.
   rElec:     It insulates you from electricity.
 V - a +0 pair of boots (melded)
Magical Staves
 f - a staff of fire
 C - a staff of cold
Jewellery
 e - a +6 ring of strength (left branch)
 g - a +5 ring of evasion
 k - a +4 ring of protection (right branch)
 u - an amulet of guardian spirit (around neck)
 y - a ring of resist corrosion
 N - a ring of ice
Talismans
 m - a beast talisman
 z - a storm talisman
 L - a maw talisman
Wands
 c - a wand of charming (13)
 h - a wand of flame (14)
 j - a wand of mindburst (8)
 x - a wand of roots (10)
Scrolls
 l - 4 scrolls of teleportation
 t - a scroll of blinking
 v - 3 scrolls of fear
 w - a scroll of fog
 A - 2 scrolls of amnesia
 G - a scroll of vulnerability {unknown}
 M - a scroll of enchant weapon {unknown}
 P - 2 scrolls of poison {unknown}
 Y - a scroll of noise {unknown}
Potions
 i - a potion of lignification
 n - 2 potions of curing
 p - a potion of might {unknown}
 s - a potion of brilliance
 E - a potion of experience {unknown}
 H - a potion of mutation {unknown}
 I - a potion of berserk rage {unknown}
 J - a potion of resistance
 K - a potion of attraction {unknown}
 O - a potion of cancellation {unknown}
 Q - a potion of enlightenment {unknown}
 R - a potion of invisibility {unknown}


   Skills:
 + Level 5.0 Fighting
 + Level 8.3 Throwing
 + Level 7.1 Dodging
 + Level 3.9 Stealth
 + Level 12.9 Unarmed Combat
 + Level 0.6 Spellcasting
 + Level 0.5 Transmutations


You had 7 spell levels left.
You knew the following spells:

 Your Spells              Type           Power      Damage    Failure   Level
a - Sublimation of Blood  Necr           0%         N/A       38%         2
b - Wereblood             Tmut           2%         N/A       32%         2

Your spell library contained the following spells:

 Spells                   Type           Power      Damage    Failure   Level
 Sting                    Tmut/Pois      4%         1d3       24%         1
 Magic Dart               Conj           0%         1d3       28%         1
 Call Imp                 Summ           0%         N/A       38%         2
 Poisonous Vapours        Pois/Air       0%         N/A       38%         2
 Mephitic Cloud           Conj/Pois/Air  0%         N/A       63%         3
 Olgreb's Toxic Radiance  Pois           0%         N/A       95%         4
 Passage of Golubria      Tloc           0%         N/A       95%         4
 Silence                  Hex/Air        0%         N/A       100%        5
 Haunt                    Necr/Summ      0%         N/A       100%        7
 Summon Hydra             Summ           0%         N/A       100%        7
 Borgnjor's Revivificati  Necr           0%         N/A       100%        8
 Lehudib's Crystal Spear  Conj/Erth      0%         10d2      100%        8
 Death's Door             Necr           0%         N/A       100%        9


Dungeon Overview and Level Annotations

Branches:
Dungeon (9/15)             Temple (1/1) D:4             Orc (2/2) D:9
   Lair: D:8-11         Elf: Orc:2

Altars:
Ashenzari
Cheibriados
Dithmenos
Elyvilon
Fedhas
Gozag
Hepliaklqana
Kikubaaqudgha
Makhleb
Nemelex Xobeh
Okawaru
Qazlal
Ru
Sif Muna
Trog
Uskayaw
Vehumet
Wu Jian
Xom
Yredelemnul
Zin
The Shining One

Shops:
D:1 ?::[   D:8 [

Portals:
Bailey: D:9


Innate Abilities, Weirdness & Mutations

You are a tree.
Your roots penetrate the ground, keeping you stationary.
You cannot be teleported.
You are immune to unholy pain and torment.
Your maximum health is greatly increased.
Your equipment is partially melded.
((You can spit globs of acid.))
((Your golden yellow scales are hard. (AC +7)))
You cannot fit into any form of body armour.
((You are cold-blooded and may be slowed by cold attacks.))
((You are resistant to acid. (rCorr)))


Message History

The orc warrior hits you with a +0 flail!
* * * LOW HITPOINT WARNING * * *
The orc closely misses your orc zombie. The orc hits you but does no damage.
The orc warrior hits you but does no damage.
Your orc zombie hits the orc warrior but does no damage.
Your orc zombie hits the orc priest.
Your orc warrior zombie hits the orc wizard.
The orc hits you but does no damage.
The orc warrior hits you but does no damage. x2
An orc warrior comes into view. It is wielding a +0 flail.
The orc priest hits your orc zombie with a +0 dagger.
Your orc zombie is destroyed!
The orc warrior hits your orc zombie with a +0 war axe of flaming!
The orc warrior burns your orc zombie.
Your orc zombie is destroyed!
The orc warrior hits you but does no damage.
You pummel the orc!!
You kill the orc!
The orc hits you but does no damage.
The orc warrior hits you but does no damage. x2
Your orc warrior zombie hits the orc wizard.
You pummel the orc warrior!!
You kill the orc warrior!
An orc priest comes into view. It is wielding a +0 dagger.
An orc priest comes into view. It is wielding a +0 short sword.
The orc warrior hits you but does no damage.
Space warps around you.
* * * LOW HITPOINT WARNING * * *
An orc comes into view. It is wielding a +0 short sword.
The orc warrior hits you but does no damage. x2
You smack the orc!
You kill the orc!
The dead are walking!
An orc priest comes into view. It is wielding a +0 hand axe.
The orc hits your orc zombie with a +0 club.
The orc warrior hits you from afar with a +0 trident of distortion.
* * * LOW HITPOINT WARNING * * *
Space warps horribly around you!
You die...
Your body rises from the dead as a mindless zombie.

.... #... .....
.... ..... ... .
...$.. ..o...
......######..#...
.....ooo)o....oo..
.......o♣oZ#......
.......ooooo..o...
........ooo.......
.........Z........
......[...........
..................
......).....#..#..
.......<......o...
.......$)........


You could see 7 orc warriors, 5 orc priests, 2 orc wizards, 5 orcs, a friendly
orc zombie and a friendly orc warrior zombie.

Vanquished Creatures
  A boulder beetle (D:7)
  A two-headed ogre (D:8)
  Pikel (D:6)
  A cyclops (D:7)
  A deep elf zephyrmancer (Orc:1)
  A deep elf pyromancer (Orc:1)
  An orc sorcerer (Orc:1)
  An ugly thing (D:7)
  Maggie (D:6)
  3 trolls
  5 yaks
  A wyvern (D:7)
  Edmund (D:6)
  2 steam dragons
  A water moccasin (D:6)
  5 orc warriors
  2 ogres
  A swamp drake (Orc:1)
  3 black bears
  A sky beast (D:8)
  A phantom (D:5)
  A kobold brigand (D:9)
  2 lemures (D:6)
  Blork the orc (D:4)
  2 bullfrogs (D:8)
  A gnoll sergeant (D:8)
  A scorpion (D:5)
  7 wights (D:8)
  A vampire bat (Orc:1)
  Crazy Yiuf (D:2)
  5 hounds
  An iron imp (Orc:1)
  A jelly (D:6)
  9 orc priests
  A sleepcap (D:7)
  2 iguanas (D:4)
  Natasha (thrice) (D:2)
  9 orc wizards
  12 gnolls
  2 adders
  A shadow imp (D:3)
  4 white imps
  An ufetubus (D:7)
  3 worms
  A dart slug (D:1)
  36 orcs
  11 bats
  A bat zombie (Orc:1)
  4 endoplasms
  6 giant cockroaches
  6 goblins
  5 hobgoblins
  8 jackals
  12 kobolds
  A quokka (D:4)
  9 ball pythons
  4 frilled lizards
  5 rats
215 creatures vanquished.

Vanquished Creatures (collateral kills)
  A hellwing (D:9)
  A hornet (D:9)
  A wyvern (D:9)
  A yak (D:9)
  An orc warrior (D:7)
  A kobold brigand (D:9)
  A vampire bat (Orc:1)
  A howler monkey (D:6)
  A crimson imp (Orc:1)
  A hound (D:6)
  An iguana (D:5)
  3 orc wizards
  An adder (D:5)
  2 gnolls
  A shadow imp (Orc:1)
  An ufetubus (D:5)
  5 orcs
  3 bats (Orc:1)
  3 goblins
  3 hobgoblins
  6 kobolds
39 creatures vanquished.

Vanquished Creatures (others)
  A wyvern zombie (D:7)
  A troll zombie (Orc:1)
  A black bear zombie (D:5)
  A human zombie (D:6)
  4 hound zombies
  A spectral crimson imp (Orc:1)
  2 steam dragon zombies
  A swamp drake zombie (Orc:1)
  28 orc zombies
  A spectral iron imp (Orc:1)
  2 spectral white imps
  2 orcs (D:6)
  2 bat zombies (Orc:1)
  An endoplasm (D:5)
  5 gnoll zombies
  A goblin zombie (D:4)
  7 kobold zombies
61 creatures vanquished.

Grand Total: 315 creatures vanquished

Notes
Turn   | Place    | Note
-------+----------+-------------------------------------------
     0 | D:1      | Sheldon the Draconian Monk began the quest for the Orb.
     0 | D:1      | Reached XP level 1. HP: 19/19 MP: 1/1
    38 | D:1      | Found Nyxerr's Book Shoppe.
    99 | D:1      | Reached XP level 2. HP: 11/26 MP: 2/2
   159 | D:1      | Found Jinuun's Magic Scroll Emporium.
   382 | D:1      | Found Othileam's Armour Shop.
   486 | D:1      | Found Qelivas's Book Shop.
   878 | D:2      | Noticed Natasha
   884 | D:2      | Killed Natasha
   885 | D:2      | Reached XP level 3. HP: 23/33 MP: 3/3
   935 | D:2      | Noticed Natasha
   944 | D:2      | Killed Natasha
   945 | D:2      | Reached XP level 4. HP: 37/40 MP: 4/4
  1137 | D:2      | Reached skill level 4 in Unarmed Combat
  1390 | D:2      | Found a runed translucent door.
  1391 | D:2      | Noticed Crazy Yiuf
  1400 | D:2      | Killed Crazy Yiuf
  1580 | D:2      | Noticed Natasha
  1586 | D:2      | Killed Natasha
  1587 | D:2      | Reached XP level 5. HP: 43/46 MP: 5/5
  2339 | D:3      | Reached skill level 5 in Unarmed Combat
  2446 | D:4      | Found a staircase to the Ecumenical Temple.
  2455 | Temple   | Entered the Ecumenical Temple
  2478 | Temple   | Became a worshipper of Yredelemnul the Dark
  2478 | Temple   | Reached * piety under Yredelemnul
  2478 | Temple   | Reached ** piety under Yredelemnul
  2551 | D:4      | Noticed Blork the orc
  2573 | D:4      | Killed Blork the orc
  2574 | D:4      | Reached XP level 6. HP: 40/52 MP: 4/6
  2848 | D:4      | Found a shimmering blue altar of Sif Muna.
  3381 | D:5      | Entered Level 5 of the Dungeon
  3404 | D:5      | Learned a level 2 spell: Sublimation of Blood
  3407 | D:5      | Learned a level 2 spell: Wereblood
  3450 | D:5      | Reached skill level 6 in Unarmed Combat
  3601 | D:5      | Reached skill level 1 in Throwing
  3601 | D:5      | Your scales start taking on a golden yellow colour.
  3601 | D:5      | Reached XP level 7. HP: 59/59 MP: 7/7
  3601 | D:5      | Gained mutation: You are resistant to acid. (rCorr) [Yellow
                  | Draconian growth]
  3690 | D:5      | Reached skill level 7 in Unarmed Combat
  3770 | D:5      | Reached skill level 1 in Stealth
  3932 | D:5      | Found a bloodstained altar of Trog.
  4414 | D:6      | Noticed Pikel
  4422 | D:6      | Noticed Maggie
  4435 | D:6      | Killed Pikel
  4436 | D:6      | Reached skill level 8 in Unarmed Combat
  4436 | D:6      | Reached XP level 8. HP: 52/66 MP: 6/8
  4464 | D:6      | Killed Maggie
  4465 | D:6      | Reached skill level 9 in Unarmed Combat
  4988 | D:6      | Found a hazy altar of Hepliaklqana.
  5032 | D:6      | Reached skill level 5 in Dodging
  5034 | D:6      | Your ally Maggie died
  5173 | D:6      | Reached XP level 9. HP: 72/72 MP: 9/9
  5410 | D:6      | Noticed Edmund
  5431 | D:6      | Killed Edmund
  5526 | D:6      | Found a sparkling altar of Nemelex Xobeh.
  5526 | D:6      | Found a broken altar of Ashenzari.
  5636 | D:7      | Found a burning altar of Makhleb.
  5937 | D:7      | Reached skill level 10 in Unarmed Combat
  5945 | D:7      | Noticed a white ugly thing
  5963 | D:7      | Killed a white ugly thing
  6108 | D:7      | Reached skill level 5 in Throwing
  6111 | D:7      | Noticed a cyclops
  6133 | D:7      | Killed a cyclops
  6348 | D:7      | Reached skill level 11 in Unarmed Combat
  6372 | D:7      | Noticed a boulder beetle
  6400 | D:7      | Killed a boulder beetle
  6401 | D:7      | Reached XP level 10. HP: 57/80 MP: 6/10
  7060 | D:8      | Found Hecsuleb's Armour Boutique.
  7346 | D:8      | Noticed a two-headed ogre
  7357 | D:8      | Killed a two-headed ogre
  7622 | D:8      | Found a glowing golden altar of the Shining One.
  7908 | D:8      | Identified the +8 chain mail "Kasirchost" {rElec rF+}
  8195 | D:9      | Found a flagged portal.
  8233 | D:9      | Reached skill level 12 in Unarmed Combat
  8671 | D:9      | Reached *** piety under Yredelemnul
  8687 | D:9      | Found a staircase to the Orcish Mines.
  8731 | Orc:1    | Entered Level 1 of the Orcish Mines
  8787 | Orc:1    | Noticed an orc sorcerer
  8803 | Orc:1    | Upgraded the game from 0.31-a0-765-g67fe2935dc to
                  | 0.31-a0-795-g5eb97db20b
  8819 | Orc:1    | Killed an orc sorcerer
  8820 | Orc:1    | Reached XP level 11. HP: 33/85 MP: 1/11
  9389 | Orc:1    | Noticed a deep elf pyromancer
  9400 | Orc:1    | Killed a deep elf pyromancer
  9417 | Orc:1    | Noticed a deep elf zephyrmancer
  9421 | Orc:1    | Killed a deep elf zephyrmancer
  9422 | Orc:1    | Reached skill level 5 in Fighting
  9464 | Orc:2    | Entered Level 2 of the Orcish Mines
  9705 | Orc:2    | Slain by an orc warrior

Illustrated notes

Levels and vault maps discovered:
D:1:      minmay_arrival_semitransparent, layout_loops_ring, serial_shops,
          nicolae_shop_just_a_little_nook, nicolae_shop_window_shopping,
          nicolae_shop_gibbet_a_chance, nicolae_shop_real_fake_doors
D:2:      layout_loops_ring, minmay_fractal_squares_gapless_5, uniq_natasha,
          uniq_crazy_yiuf_cottage
D:3:      layout_loops_ring, corexii_item_surrounded_by_moat
D:4:      layout_basic, nicolae_sif_muna_little_library,
          minmay_temple_entry_overgrown, nicolae_kite_square_tiling_tiny,
          uniq_blork_the_orc
D:5:      layout_cave_pools, trog_hazing_becter, grunt_decor_resistance,
          lemuel_flame_loot_1
D:6:      layout_basic, amcnicky_altar_gilded, gammafunk_temple_overflow_wave,
          minmay_misc_feat_roman, uniq_pikel, uniq_maggie, uniq_edmund
D:7:      layout_loops_ring, lightli_temple_of_fire, kb_rosetta
D:8:      layout_loops_ring, mainiacjoe_overflow_concentric_impassable,
          serial_shops, shop
D:9:      nicolae_cairo_tiling_large, layout_long_grid,
          erik_lair_orcish_takeover, enter_bailey_6, serial_demonic,
          serial_demonic_e, serial_demonic_e, serial_demonic_b, serial_demonic_e
Temple:   hellmonk_temple_two_chambers
Orc:1:    layout_caves, roderic_batcave, hangedman_minor_magic
Orc:2:    grunt_orc_community_town_hall, layout_caves,
          grunt_orc_community_big_house_1, grunt_orc_community_big_house_1,
          grunt_orc_community_house_2, grunt_orc_community_house_3,
          grunt_orc_community_house_2, grunt_orc_community_house_2,
          grunt_orc_community_house_3, grunt_orc_community_house_1,
          serial_shops, nicolae_shop_rolling_square

Skill      XL: |  1  2  3  4  5  6  7  8  9 10 11 |
---------------+----------------------------------+-----
Dodging        | 3 4 5 6 7 |  7.1
Unarmed Combat | 4 5 6 8 9 11 12 | 12.9
Fighting       | 4 5 |  5.0
Throwing       | 1 3 4 5 8 |  8.3
Stealth        | 1 2 3 |  3.9
Spellcasting   | |  0.6
Transmutations | |  0.5

Action                     |  1- 3 |  4- 6 |  7- 9 | 10-12 || total
---------------------------+-------+-------+-------+-------++-------
  Melee: Unarmed           |    55 |   174 |   167 |   186 ||   582
         Tailslap          |     6 |    34 |    34 |    34 ||   108
  Throw: Dart              |     8 |    13 |    46 |     5 ||    72
         Javelin           |       |       |    19 |    14 ||    33
         Boomerang         |       |       |       |    65 ||    65
   Cast: Wereblood         |       |       |     1 |       ||     1
Ability: Breathe Acid      |       |       |     4 |    15 ||    19
    Use: Scroll            |       |       |    11 |       ||    11
         Potion            |       |       |       |     9 ||     9
   Stab: Distracted        |       |     1 |       |     2 ||     3
 Armour: Skin              |    30 |    76 |    90 |   250 ||   446
  Dodge: Dodged            |    55 |    91 |    83 |   225 ||   454

Table legend: (Time is in decaauts)
 A = Elapsed time spent in this place.
 B = Non-inter-level travel time spent in this place.
 C = Inter-level travel time spent in this place.
 D = Time resting spent in this place.
 E = Time spent auto-exploring this place.
 F = Levels seen in this place.
 G = Mean time per level.
                   A        B        C        D        E       F      G
               +--------+--------+--------+--------+--------+-----+--------+
         Total |   9626 |   3324 |   6302 |   1321 |      0 |  12 |  802.2 |
       Dungeon |   8607 |   2764 |   5843 |   1013 |      0 |   9 |  956.3 |
        Temple |     67 |      5 |     62 |      0 |      0 |   1 |   67.0 |
  Orcish Mines |    951 |    554 |    397 |    308 |      0 |   2 |  475.5 |
               +--------+--------+--------+--------+--------+-----+--------+

Top non-repeatable levels by time:
     D:7: 1486 daAuts
     D:6: 1149 daAuts
     D:8: 1038 daAuts
     D:5: 1007 daAuts
   Orc:1: 905 daAuts
     D:2: 899 daAuts
     D:4: 864 daAuts
     D:1: 788 daAuts
     D:3: 747 daAuts
     D:9: 626 daAuts
  Temple: 67 daAuts
   Orc:2: 46 daAuts
